Stars vs Maple Leafs
Created - March 26, 2020 at 19:01
Goals
|
Stars |
1 |
0 |
3 |
4 |
Maple Leafs |
0 |
0 |
2 |
2 |
|
Shots
|
Stars |
14 |
13 |
11 |
38 |
Maple Leafs |
7 |
11 |
10 |
28 |
|
1st period
1. Stars , Antoine Vermette 12 (Jussi Jokinen 24, Alexander Frolov 8) at 11:11
Penalties :
Jussi Jokinen (Dal) for Holding (Minor) at 18:29
2nd period
No Goal
Penalties :
Blake Comeau (Tor) for Roughing (Minor) at 2:43, Andrej Sustr (Dal) for Holding (Minor) at 5:26, Boris Valabik (Dal) for Tripping (Minor) at 9:42, Brian Lee (Dal) for Hooking (Minor) at 13:38
3rd period
2. Stars , Michael Grabner 19 (John Tavares 54, Guillaume Latendresse 34) at 4:17
3. Maple Leafs , Jordan Staal 21 (Hampus Lindholm 22, Kyle Clifford 25) at 6:35
4. Stars , Cory Emmerton 8 (B.J. Crombeen 10, Ian White 28) at 6:51
5. Maple Leafs , Patrick Kane 46 (Taylor Hall 32) at 9:22 (PP)
6. Stars , Brian Lee 7 (Ian White 29, B.J. Crombeen 11) at 19:12 (Empty Net)
Penalties :
Alex Chiasson (Dal) for Hooking (Minor) at 0:34, Kyle Clifford (Tor) for Interference (Minor) at 4:20, Jussi Jokinen (Dal) for Tripping (Minor) at 8:45, Antoine Vermette (Dal) for Holding (Minor) at 10:58, Beau Bennett (Tor) for High sticking (Minor) at 16:38
Goalie Stats
Brian Elliott (Dal), 26 saves from 28 shots - (0.929), W, 5-5-0, 60:00 minutes
Marc-André Fleury (Tor), 34 saves from 37 shots - (0.919), L, 23-21-7, 59:39 minutes
Players Stats for Stars
Player Name G A P +/- PIM S H SB GA TA FO MP PP MP PK MP
------------------------------------------------------------------------------------
Alex Chiasson 0 0 0 1 2 1 2 0 0 0 0/1 13:44 2:23 0:00
Alexander Frolov 0 1 1 1 0 2 1 0 0 0 0/0 12:14 0:00 0:58
Andrej Sustr 0 0 0 1 2 0 3 0 0 0 0/0 12:40 0:00 1:54
Antoine Vermette 1 0 1 1 2 2 2 0 0 1 4/9 17:07 2:23 3:18
B.J. Crombeen 0 2 2 1 0 2 0 0 0 0 0/0 10:33 0:00 0:00
Boris Valabik 0 0 0 -1 2 1 0 0 0 0 0/0 20:41 2:25 3:42
Brian Lee 1 0 1 3 2 2 5 2 0 0 0/0 26:57 3:32 6:55
Cam Atkinson 0 0 0 0 0 2 2 0 0 0 0/1 6:20 0:00 0:00
Cory Emmerton 1 0 1 1 0 3 1 0 0 0 3/5 13:29 0:00 1:59
Evgeny Grachev 0 0 0 0 0 0 1 0 0 0 0/1 6:44 0:00 0:19
Guillaume Latendresse 0 1 1 1 0 2 2 0 0 1 0/1 23:23 3:34 7:15
Ian White 0 2 2 3 0 5 5 2 0 1 0/0 26:53 3:32 8:02
John Tavares 0 1 1 1 0 5 1 0 2 0 19/38 23:17 3:34 7:28
Johnny Oduya 0 0 0 -1 0 0 2 1 0 0 0/0 21:08 2:25 4:29
Jussi Jokinen 0 1 1 1 4 6 1 0 0 0 0/0 17:34 2:23 3:45
Michael Grabner 1 0 1 1 0 5 1 0 1 0 0/0 15:43 3:34 0:00
Ted Purcell 0 0 0 0 0 0 0 0 1 1 0/0 6:56 0:00 0:00
Tyson Barrie 0 0 0 1 0 0 0 2 0 0 0/0 11:59 0:00 0:00
Players Stats for Maple Leafs
Player Name G A P +/- PIM S H SB GA TA FO MP PP MP PK MP
------------------------------------------------------------------------------------
Beau Bennett 0 0 0 -1 2 3 0 0 0 0 0/0 10:54 0:00 0:00
Ben Smith 0 0 0 0 0 0 0 0 0 1 1/2 17:48 5:38 1:15
Blake Comeau 0 0 0 0 2 1 1 0 1 1 0/0 7:40 0:00 0:00
Brayden Schenn 0 0 0 -2 0 0 4 0 1 0 10/23 20:09 5:38 3:26
Braydon Coburn 0 0 0 0 0 0 0 1 0 0 0/0 17:44 0:00 3:32
Eric Nystrom 0 0 0 0 0 1 4 0 0 0 0/0 8:47 0:00 1:13
Hampus Lindholm 0 1 1 -2 0 3 2 0 1 0 0/0 20:44 7:35 2:25
Jake Guentzel 0 0 0 -1 0 3 0 0 0 0 0/0 10:57 0:00 0:00
John Klingberg 0 0 0 -1 0 0 1 1 0 0 0/0 22:04 4:56 0:00
Jordan Staal 1 0 1 0 0 3 4 0 0 0 6/13 20:22 6:53 1:07
Kevin Shattenkirk 0 0 0 -2 0 3 2 3 1 0 0/0 28:14 7:35 2:25
Kyle Clifford 0 1 1 -1 2 1 1 0 0 0 2/2 19:21 5:38 2:26
Marc-Édouard Vlasic 0 0 0 -1 0 2 0 2 0 0 0/0 15:19 4:56 0:00
Mika Zibanejad 0 0 0 -1 0 3 0 0 0 0 6/11 11:48 0:00 0:47
Nate Thompson 0 0 0 0 0 1 0 0 0 1 1/1 7:27 0:00 0:00
Patrick Kane 1 0 1 -2 0 3 2 0 0 1 1/1 20:18 6:53 1:05
Ryan Parent 0 0 0 0 0 0 1 1 0 0 0/0 14:57 0:00 3:32
Taylor Hall 0 1 1 -1 0 1 2 0 0 0 3/3 19:27 6:53 0:35
3 Stars
1 - Ian White (Dal)
2 - Brian Lee (Dal)
3 - Michael Grabner (Dal)
Power Play
Stars - 0 on 3 Attempt(s) - 0.00%
Maple Leafs - 1 on 7 Attempt(s) - 14.29%
Penalty Kill
Stars - 6 on 7 Attempt(s) - 85.71%
- Score 0 goal in Penalty Kill
Maple Leafs - 3 on 3 Attempt(s) - 100.00%
- Score 0 goal in Penalty Kill
Team Stat
Stars - Hits : 29 - Faceoff Wins : 26 - Blocked Shots : 7 - Penalty Minutes : 14
Maple Leafs - Hits : 24 - Faceoff Wins : 30 - Blocked Shots : 8 - Penalty Minutes : 6
Official
Referees : Unknown
Linesman : Unknown
Game Notes
Brian Lee has scored in a empty net!
Finance
Level 1 -- Attendance: 5237 (87.28%) -- Ticket Income $576,070
Level 2 -- Attendance: 4433 (88.66%) -- Ticket Income $310,310
Level 3 -- Attendance: 1801 (90.05%) -- Ticket Income $82,846
Level 4 -- Attendance: 3380 (84.50%) -- Ticket Income $101,400
Luxury Box -- Attendance: 1000 (100.00%) -- Ticket Income $180,000
Game was played at the Maple Leafs Garden.
Total Attendance: 15851 (88.06%)
Total Ticket Income: $1,250,626
Other Income: $187,594
Total Income: $1,438,220
Stars
5 vs 5 Forward
Center Left Wing Right Wing Time % Phy DF OF
1 John Tavares Guillaume Latendresse Michael Grabner 40 1 2 2
2 Antoine Vermette Jussi Jokinen Alex Chiasson 30 1 2 2
3 Cory Emmerton Alexander Frolov B.J. Crombeen 20 1 2 2
4 Evgeny Grachev Ted Purcell Cam Atkinson 10 1 2 2
5 vs 5 Defense
Defense Defense Time % Phy DF OF
1 Ian White Brian Lee 40 1 2 2
2 Boris Valabik Johnny Oduya 30 1 2 2
3 Tyson Barrie Andrej Sustr 20 1 2 2
4 Ian White Brian Lee 10 1 2 2
PowerPlay Forward
Center Left Wing Right Wing Time % Phy DF OF
1 John Tavares Guillaume Latendresse Michael Grabner 60 0 2 3
2 Antoine Vermette Jussi Jokinen Alex Chiasson 40 0 2 3
PowerPlay Defense
Defense Defense Time % Phy DF OF
1 Ian White Brian Lee 60 0 2 3
2 Boris Valabik Johnny Oduya 40 0 2 3
Penalty Kill 4 Players Forward
Center Wing Time % Phy DF OF
1 John Tavares Guillaume Latendresse 60 0 3 2
2 Jussi Jokinen Antoine Vermette 40 0 3 2
Penalty Kill 4 Players Defense
Defense Defense Time % Phy DF OF
1 Ian White Brian Lee 60 0 3 2
2 Boris Valabik Johnny Oduya 40 0 3 2
Penalty Kill - 3 Players Forward
Forward Time % Phy DF OF
1 John Tavares 60 0 3 2
2 Guillaume Latendresse 40 0 3 2
Penalty Kill - 3 Players Defense
Defense Defense Time % Phy DF OF
1 Ian White Brian Lee 60 0 3 2
2 Boris Valabik Johnny Oduya 40 0 3 2
4 vs 4 Forward
Center Wing Time % Phy DF OF
1 John Tavares Guillaume Latendresse 60 1 2 2
2 Jussi Jokinen Antoine Vermette 40 1 2 2
4 vs 4 Defense
Defense Defense Time % Phy DF OF
1 Ian White Brian Lee 60 1 2 2
2 Boris Valabik Johnny Oduya 40 1 2 2
Last Minutes Offensive
Center Left Wing Right Wing Defense Defense
John Tavares Guillaume Latendresse Michael Grabner Ian White Brian Lee
Last Minutes Defensive
Center Left Wing Right Wing Defense Defense
John Tavares Guillaume Latendresse Michael Grabner Ian White Brian Lee
Goaltenders
Starting : Brian Elliott
Backup : Cory Schneider
Extra Forwards
Normal : Alexander Frolov, Ted Purcell, Cory Emmerton - PP : Alexander Frolov, Ted Purcell - PK : Cory Emmerton
Extra Defensemen
Normal : Tyson Barrie, Andrej Sustr, Boris Valabik - PP : Tyson Barrie - PK : Andrej Sustr, Boris Valabik
Penalty Shots
John Tavares, Guillaume Latendresse, Jussi Jokinen, Antoine Vermette, Alexander Frolov
Scratches
Niklas Hjalmarsson (Back Spasms Injury), Shawn Matthias (Healthy)
Maple Leafs
5 vs 5 Forward
Center Left Wing Right Wing Time % Phy DF OF
1 Brayden Schenn Kyle Clifford Patrick Kane 40 0 2 3
2 Jordan Staal Taylor Hall Ben Smith 30 1 2 2
3 Mika Zibanejad Jake Guentzel Beau Bennett 20 1 2 2
4 Nate Thompson Eric Nystrom Blake Comeau 10 1 3 1
5 vs 5 Defense
Defense Defense Time % Phy DF OF
1 Kevin Shattenkirk John Klingberg 40 1 2 2
2 Ryan Parent Braydon Coburn 30 1 3 1
3 Marc-Édouard Vlasic Hampus Lindholm 20 1 2 2
4 Kevin Shattenkirk Braydon Coburn 10 1 2 2
PowerPlay Forward
Center Left Wing Right Wing Time % Phy DF OF
1 Jordan Staal Taylor Hall Patrick Kane 60 0 1 4
2 Brayden Schenn Kyle Clifford Ben Smith 40 0 1 4
PowerPlay Defense
Defense Defense Time % Phy DF OF
1 Kevin Shattenkirk Hampus Lindholm 60 0 1 4
2 Marc-Édouard Vlasic John Klingberg 40 0 1 4
Penalty Kill 4 Players Forward
Center Wing Time % Phy DF OF
1 Brayden Schenn Kyle Clifford 60 1 3 1
2 Jordan Staal Patrick Kane 40 1 3 1
Penalty Kill 4 Players Defense
Defense Defense Time % Phy DF OF
1 Braydon Coburn Ryan Parent 60 1 3 1
2 Kevin Shattenkirk Hampus Lindholm 40 1 3 1
Penalty Kill - 3 Players Forward
Forward Time % Phy DF OF
1 Brayden Schenn 60 1 4 0
2 Taylor Hall 40 1 4 0
Penalty Kill - 3 Players Defense
Defense Defense Time % Phy DF OF
1 Braydon Coburn Ryan Parent 60 1 4 0
2 Kevin Shattenkirk Hampus Lindholm 40 1 4 0
4 vs 4 Forward
Center Wing Time % Phy DF OF
1 Jordan Staal Patrick Kane 60 1 2 2
2 Brayden Schenn Taylor Hall 40 1 2 2
4 vs 4 Defense
Defense Defense Time % Phy DF OF
1 Kevin Shattenkirk John Klingberg 60 1 2 2
2 Braydon Coburn Ryan Parent 40 1 2 2
Last Minutes Offensive
Center Left Wing Right Wing Defense Defense
Jordan Staal Taylor Hall Patrick Kane Kevin Shattenkirk Hampus Lindholm
Last Minutes Defensive
Center Left Wing Right Wing Defense Defense
Jordan Staal Eric Nystrom Patrick Kane Braydon Coburn Ryan Parent
Goaltenders
Starting : Marc-André Fleury
Backup : Tyler Weiman
Extra Forwards
Normal : Taylor Hall, Mika Zibanejad, Patrick Kane - PP : Brayden Schenn, Ben Smith - PK : Ben Smith
Extra Defensemen
Normal : Hampus Lindholm, Braydon Coburn, Kevin Shattenkirk - PP : John Klingberg - PK : Ryan Parent, Kevin Shattenkirk
Penalty Shots
Patrick Kane, Jordan Staal, Taylor Hall, Brayden Schenn, John Klingberg
Scratches
None
% Time on Ice - Stars
Lines # - Real PCT - Wanted PCT - Time Play
Normal Forward
1 - 32% - 40% - 13:17
2 - 27% - 30% - 11:22
3 - 25% - 20% - 10:33
4 - 15% - 10% - 6:20
Normal Defense
1 - 37% - 40% - 15:14
2 - 34% - 30% - 14:14
3 - 26% - 20% - 10:47
4 - 3% - 10% - 1:17
PP Forward
1 - 60% - 60% - 3:34
2 - 40% - 40% - 2:23
PP Defense
1 - 59% - 60% - 3:32
2 - 41% - 40% - 2:25
PK Forward
1 - 66% - 60% - 8:18
2 - 34% - 40% - 4:13
PK Defense
1 - 64% - 60% - 8:02
2 - 36% - 40% - 4:29
PK3 Forward
1 - 0% - 60%
2 - 0% - 40%
PK3 Defense
1 - 0% - 60%
2 - 0% - 40%
44 Forward
1 - 0% - 60%
2 - 0% - 40%
44 Defense
1 - 0% - 60%
2 - 0% - 40%
Last Minute Offensive - 0:00
Last Minute Defensive - 0:00
Total
Forward - 60:00
Defense - 60:00
|
% Time on Ice - Maple Leafs
Lines # - Real PCT - Wanted PCT - Time Play
Normal Forward
1 - 30% - 40% - 12:21
2 - 27% - 30% - 11:04
3 - 26% - 20% - 10:39
4 - 17% - 10% - 7:01
Normal Defense
1 - 41% - 40% - 16:47
2 - 32% - 30% - 12:59
3 - 23% - 20% - 9:15
4 - 5% - 10% - 2:04
PP Forward
1 - 55% - 60% - 6:53
2 - 45% - 40% - 5:38
PP Defense
1 - 61% - 60% - 7:35
2 - 39% - 40% - 4:56
PK Forward
1 - 82% - 60% - 4:52
2 - 18% - 40% - 1:05
PK Defense
1 - 59% - 60% - 3:32
2 - 41% - 40% - 2:25
PK3 Forward
1 - 0% - 60%
2 - 0% - 40%
PK3 Defense
1 - 0% - 60%
2 - 0% - 40%
44 Forward
1 - 0% - 60%
2 - 0% - 40%
44 Defense
1 - 0% - 60%
2 - 0% - 40%
Last Minute Offensive - 0:27
Last Minute Defensive - 0:00
Total
Forward - 60:00
Defense - 60:00
|
Play-by-Play
1st period
0:01 of 1st period - John Tavares wins face-off versus Brayden Schenn in neutral zone.
0:27 of 1st period - Kevin Shattenkirk is hit by Alex Chiasson and loses puck.
0:44 of 1st period - Alex Chiasson is hit by Kevin Shattenkirk and loses puck.
0:53 of 1st period - Jordan Staal is hit by Antoine Vermette and loses puck.
1:22 of 1st period - Taylor Hall is hit by Andrej Sustr and loses puck.
1:33 of 1st period - Wrist shot by Jussi Jokinen.
1:33 of 1st period - Shot Misses the Net.
1:35 of 1st period - Backhand shot by Ian White.
1:35 of 1st period - Stopped by Marc-André Fleury with a rebound.
2:07 of 1st period - Slapshot by Jordan Staal.
2:07 of 1st period - Stopped by Brian Elliott with a rebound.
2:26 of 1st period - Snap shot by Jordan Staal.
2:26 of 1st period - Stopped by Brian Elliott with a rebound.
2:34 of 1st period - Wrist shot by Antoine Vermette.
2:34 of 1st period - Stopped by Marc-André Fleury with a rebound.
2:36 of 1st period - Wrist shot by Antoine Vermette.
2:36 of 1st period - Shot Blocked by John Klingberg.
2:38 of 1st period - Wrist shot by Jussi Jokinen.
2:38 of 1st period - Stopped by Marc-André Fleury with a rebound.
2:40 of 1st period - Slapshot by Brian Lee.
2:40 of 1st period - Stopped by Marc-André Fleury without a rebound.
2:41 of 1st period - John Tavares wins face-off versus Brayden Schenn in Maple Leafs zone.
2:58 of 1st period - Wrist shot by Michael Grabner.
2:58 of 1st period - Stopped by Marc-André Fleury with a rebound.
3:08 of 1st period - Patrick Kane is hit by Johnny Oduya and loses puck.
3:51 of 1st period - Michael Grabner is hit by Eric Nystrom.
3:57 of 1st period - Guillaume Latendresse is hit by Eric Nystrom and loses puck.
4:10 of 1st period - Snap shot by Cam Atkinson.
4:10 of 1st period - Shot Misses the Net.
4:44 of 1st period - Blake Comeau is hit by Johnny Oduya and loses puck.
9:50 of 1st period - Brian Lee is hit by Jordan Staal and loses puck.
10:15 of 1st period - Ryan Parent is hit by Evgeny Grachev and loses puck.
10:32 of 1st period - Nate Thompson is hit by Andrej Sustr and loses puck.
10:56 of 1st period - B.J. Crombeen is hit by Patrick Kane and loses puck.
11:11 of 1st period - Snap shot by Antoine Vermette.
11:11 of 1st period - Goal by Antoine Vermette - Stars : 1 - Maple Leafs : 0.
11:12 of 1st period - Mika Zibanejad wins face-off versus John Tavares in neutral zone.
11:21 of 1st period - Wrist shot by John Klingberg.
11:21 of 1st period - Deflect By Mika Zibanejad.
11:21 of 1st period - Stopped by Brian Elliott without a rebound.
11:22 of 1st period - John Tavares wins face-off versus Mika Zibanejad in Stars zone.
11:27 of 1st period - Slapshot by Kevin Shattenkirk.
11:27 of 1st period - Stopped by Brian Elliott with a rebound.
11:29 of 1st period - Slapshot by Kevin Shattenkirk.
11:29 of 1st period - Shot Misses the Net.
11:31 of 1st period - Slapshot by John Klingberg.
11:31 of 1st period - Shot Misses the Net.
11:33 of 1st period - Wrist shot by Beau Bennett.
11:33 of 1st period - Stopped by Brian Elliott without a rebound.
11:34 of 1st period - Brayden Schenn wins face-off versus John Tavares in Stars zone.
11:41 of 1st period - Patrick Kane is hit by Ian White and loses puck.
12:26 of 1st period - Slapshot by Eric Nystrom.
12:26 of 1st period - Stopped by Brian Elliott with a rebound.
12:51 of 1st period - Slapshot by Alex Chiasson.
12:51 of 1st period - Stopped by Marc-André Fleury without a rebound.
12:52 of 1st period - John Tavares wins face-off versus Mika Zibanejad in Maple Leafs zone.
12:55 of 1st period - Snap shot by John Tavares.
12:55 of 1st period - Stopped by Marc-André Fleury without a rebound.
12:56 of 1st period - Brayden Schenn wins face-off versus John Tavares in Maple Leafs zone.
13:09 of 1st period - Wrist shot by Guillaume Latendresse.
13:09 of 1st period - Shot Misses the Net.
13:11 of 1st period - Wrist shot by Michael Grabner.
13:11 of 1st period - Shot Misses the Net.
13:13 of 1st period - Wrist shot by John Tavares.
13:13 of 1st period - Stopped by Marc-André Fleury without a rebound.
13:14 of 1st period - Jordan Staal wins face-off versus Cory Emmerton in Maple Leafs zone.
13:21 of 1st period - Slapshot by Kevin Shattenkirk.
13:21 of 1st period - Shot Misses the Net.
13:46 of 1st period - Slapshot by Ian White.
13:46 of 1st period - Shot Blocked by Braydon Coburn.
13:52 of 1st period - Brian Lee is hit by Brayden Schenn and loses puck.
14:10 of 1st period - Marc-Édouard Vlasic is hit by Ian White and loses puck.
14:31 of 1st period - Wrist shot by Evgeny Grachev.
14:31 of 1st period - Shot Misses the Net.
14:33 of 1st period - Wrist shot by Tyson Barrie.
14:33 of 1st period - Deflect By Cam Atkinson.
14:33 of 1st period - Stopped by Marc-André Fleury with a rebound.
14:45 of 1st period - Nate Thompson is hit by Cory Emmerton and loses puck.
14:54 of 1st period - Johnny Oduya is hit by Eric Nystrom and loses puck.
15:11 of 1st period - Guillaume Latendresse is hit by Blake Comeau and loses puck.
15:22 of 1st period - Blake Comeau is hit by Michael Grabner and loses puck.
15:27 of 1st period - Wrist shot by John Tavares.
15:27 of 1st period - Shot Misses the Net.
15:29 of 1st period - Slapshot by Boris Valabik.
15:29 of 1st period - Shot Blocked by Marc-Édouard Vlasic.
15:35 of 1st period - Slapshot by Guillaume Latendresse.
15:35 of 1st period - Stopped by Marc-André Fleury with a rebound.
15:37 of 1st period - Snap shot by Guillaume Latendresse.
15:37 of 1st period - Shot Misses the Net.
15:39 of 1st period - Snap shot by John Tavares.
15:39 of 1st period - Stopped by Marc-André Fleury with a rebound.
15:41 of 1st period - Slapshot by John Tavares.
15:41 of 1st period - Stopped by Marc-André Fleury without a rebound.
15:42 of 1st period - Brayden Schenn wins face-off versus Antoine Vermette in Maple Leafs zone.
16:33 of 1st period - Jordan Staal is hit by Cam Atkinson and loses puck.
17:00 of 1st period - Beau Bennett is hit by Brian Lee and loses puck.
17:21 of 1st period - Icing by Jussi Jokinen.
17:22 of 1st period - Mika Zibanejad wins face-off versus Antoine Vermette in Stars zone.
17:25 of 1st period - Wrist shot by Mika Zibanejad.
17:25 of 1st period - Stopped by Brian Elliott without a rebound.
17:26 of 1st period - John Tavares wins face-off versus Mika Zibanejad in Stars zone.
17:26 of 1st period - John Tavares is hit by Ryan Parent.
17:32 of 1st period - Slapshot by Ian White.
17:32 of 1st period - Stopped by Marc-André Fleury with a rebound.
18:00 of 1st period - Ian White is hit by Hampus Lindholm and loses puck.
18:11 of 1st period - Snap shot by Jussi Jokinen.
18:11 of 1st period - Shot Misses the Net.
18:29 of 1st period - Minor Penalty to Jussi Jokinen for Holding.
18:30 of 1st period - John Tavares wins face-off versus Jordan Staal in Stars zone.
18:57 of 1st period - Brayden Schenn is hit by Guillaume Latendresse and loses puck.
Goals for this period are 1 for Stars vs 0 for Maple Leafs.
Shots for this period are 14 for Stars vs 7 for Maple Leafs.
2nd period
0:01 of 2nd period - John Tavares wins face-off versus Jordan Staal in neutral zone.
0:04 of 2nd period - Slapshot by Ian White.
0:04 of 2nd period - Stopped by Marc-André Fleury without a rebound.
0:05 of 2nd period - John Tavares wins face-off versus Jordan Staal in Maple Leafs zone.
0:29 of 2nd period - Penalty to Jussi Jokinen is over, Jussi Jokinen is back on ice.
0:32 of 2nd period - Wrist shot by Mika Zibanejad.
0:32 of 2nd period - Shot Blocked by Ian White.
0:34 of 2nd period - Slapshot by Hampus Lindholm.
0:34 of 2nd period - Stopped by Brian Elliott without a rebound.
0:35 of 2nd period - Mika Zibanejad wins face-off versus Alex Chiasson in Stars zone.
0:46 of 2nd period - Wrist shot by Beau Bennett.
0:46 of 2nd period - Shot Misses the Net.
1:23 of 2nd period - Icing by Boris Valabik.
1:24 of 2nd period - Brayden Schenn wins face-off versus John Tavares in Stars zone.
1:57 of 2nd period - Slapshot by Jordan Staal.
1:57 of 2nd period - Shot Misses the Net.
2:01 of 2nd period - Wrist shot by Ben Smith.
2:01 of 2nd period - Shot Misses the Net.
2:15 of 2nd period - Slapshot by Boris Valabik.
2:15 of 2nd period - Shot Blocked by Kevin Shattenkirk.
2:21 of 2nd period - Slapshot by Evgeny Grachev.
2:21 of 2nd period - Shot Misses the Net.
2:43 of 2nd period - Minor Penalty to Blake Comeau for Roughing.
2:44 of 2nd period - Kyle Clifford wins face-off versus John Tavares in Maple Leafs zone.
2:53 of 2nd period - Off-side.
2:54 of 2nd period - John Tavares wins face-off versus Brayden Schenn in neutral zone.
3:17 of 2nd period - Snap shot by John Tavares.
3:17 of 2nd period - Stopped by Marc-André Fleury with a rebound.
3:33 of 2nd period - Slapshot by Ian White.
3:33 of 2nd period - Shot Misses the Net.
3:35 of 2nd period - Wrist shot by John Tavares.
3:35 of 2nd period - Shot Blocked by Kevin Shattenkirk.
4:12 of 2nd period - Off-side.
4:13 of 2nd period - Antoine Vermette wins face-off versus Ben Smith in neutral zone.
4:15 of 2nd period - Off-side.
4:16 of 2nd period - Antoine Vermette wins face-off versus Brayden Schenn in neutral zone.
4:43 of 2nd period - Penalty to Blake Comeau is over, Blake Comeau is back on ice.
4:51 of 2nd period - Slapshot by Blake Comeau.
4:51 of 2nd period - Stopped by Brian Elliott with a rebound.
4:53 of 2nd period - Slapshot by Ryan Parent.
4:53 of 2nd period - Deflect By Ben Smith.
4:53 of 2nd period - Shot Misses the Net.
4:53 of 2nd period - Puck is out of play.
4:54 of 2nd period - Jordan Staal wins face-off versus Cory Emmerton in Stars zone.
5:07 of 2nd period - Cory Emmerton is hit by Taylor Hall and loses puck.
5:16 of 2nd period - Tyson Barrie is hit by Taylor Hall and loses puck.
5:26 of 2nd period - Minor Penalty to Andrej Sustr for Holding.
5:27 of 2nd period - Jordan Staal wins face-off versus John Tavares in Stars zone.
5:31 of 2nd period - Snap shot by Jordan Staal.
5:31 of 2nd period - Shot Misses the Net.
6:08 of 2nd period - Wrist shot by Jussi Jokinen.
6:08 of 2nd period - Stopped by Marc-André Fleury with a rebound.
6:10 of 2nd period - Wrist shot by Jussi Jokinen.
6:10 of 2nd period - Stopped by Marc-André Fleury without a rebound.
6:11 of 2nd period - Kyle Clifford wins face-off versus John Tavares in Maple Leafs zone.
6:11 of 2nd period - Kyle Clifford is hit by John Tavares.
6:35 of 2nd period - Jordan Staal is hit by Antoine Vermette and loses puck.
6:42 of 2nd period - Antoine Vermette is hit by Jordan Staal and loses puck.
7:26 of 2nd period - Penalty to Andrej Sustr is over, Andrej Sustr is back on ice.
7:55 of 2nd period - Snap shot by B.J. Crombeen.
7:55 of 2nd period - Stopped by Marc-André Fleury with a rebound.
8:03 of 2nd period - Slapshot by Marc-Édouard Vlasic.
8:03 of 2nd period - Stopped by Brian Elliott with a rebound.
8:05 of 2nd period - Snap shot by Marc-Édouard Vlasic.
8:05 of 2nd period - Stopped by Brian Elliott with a rebound.
8:07 of 2nd period - Slapshot by Marc-Édouard Vlasic.
8:07 of 2nd period - Deflect By Jake Guentzel.
8:07 of 2nd period - Stopped by Brian Elliott with a rebound.
8:09 of 2nd period - Wrist shot by Mika Zibanejad.
8:09 of 2nd period - Shot Blocked by Tyson Barrie.
8:17 of 2nd period - Snap shot by Mika Zibanejad.
8:17 of 2nd period - Stopped by Brian Elliott with a rebound.
8:23 of 2nd period - Backhand shot by Jake Guentzel.
8:23 of 2nd period - Stopped by Brian Elliott with a rebound.
8:25 of 2nd period - Snap shot by Beau Bennett.
8:25 of 2nd period - Stopped by Brian Elliott without a rebound.
8:26 of 2nd period - John Tavares wins face-off versus Brayden Schenn in Stars zone.
8:26 of 2nd period - John Tavares is hit by Brayden Schenn.
8:40 of 2nd period - Wrist shot by John Tavares.
8:40 of 2nd period - Deflect By Michael Grabner.
8:40 of 2nd period - Stopped by Marc-André Fleury without a rebound.
8:41 of 2nd period - John Tavares wins face-off versus Brayden Schenn in Maple Leafs zone.
8:52 of 2nd period - Snap shot by Brian Lee.
8:52 of 2nd period - Shot Misses the Net.
9:42 of 2nd period - Minor Penalty to Boris Valabik for Tripping.
9:43 of 2nd period - Jordan Staal wins face-off versus John Tavares in Stars zone.
9:59 of 2nd period - Wrist shot by Taylor Hall.
9:59 of 2nd period - Shot Misses the Net.
10:55 of 2nd period - Icing by Marc-Édouard Vlasic.
10:56 of 2nd period - John Tavares wins face-off versus Brayden Schenn in Maple Leafs zone.
11:39 of 2nd period - Brayden Schenn is hit by Guillaume Latendresse and loses puck.
11:42 of 2nd period - Penalty to Boris Valabik is over, Boris Valabik is back on ice.
12:00 of 2nd period - Snap shot by Nate Thompson.
12:00 of 2nd period - Stopped by Brian Elliott without a rebound.
12:01 of 2nd period - Mika Zibanejad wins face-off versus Antoine Vermette in Stars zone.
12:10 of 2nd period - Slapshot by Beau Bennett.
12:10 of 2nd period - Shot Blocked by Tyson Barrie.
12:34 of 2nd period - Wrist shot by Cam Atkinson.
12:34 of 2nd period - Stopped by Marc-André Fleury with a rebound.
12:36 of 2nd period - Snap shot by Evgeny Grachev.
12:36 of 2nd period - Shot Misses the Net.
12:38 of 2nd period - Snap shot by Ted Purcell.
12:38 of 2nd period - Shot Misses the Net.
13:12 of 2nd period - Wrist shot by Michael Grabner.
13:12 of 2nd period - Stopped by Marc-André Fleury without a rebound.
13:13 of 2nd period - Nate Thompson wins face-off versus John Tavares in Maple Leafs zone.
13:13 of 2nd period - Nate Thompson is hit by Brian Lee.
13:21 of 2nd period - Slapshot by Braydon Coburn.
13:21 of 2nd period - Shot Misses the Net.
13:38 of 2nd period - Minor Penalty to Brian Lee for Hooking.
13:39 of 2nd period - Jordan Staal wins face-off versus John Tavares in Stars zone.
14:17 of 2nd period - Slapshot by Kevin Shattenkirk.
14:17 of 2nd period - Deflect By Ben Smith.
14:17 of 2nd period - Shot Blocked by Johnny Oduya.
14:17 of 2nd period - Puck is out of play.
14:18 of 2nd period - Antoine Vermette wins face-off versus Brayden Schenn in Stars zone.
14:18 of 2nd period - Antoine Vermette is hit by Brayden Schenn.
15:38 of 2nd period - Penalty to Brian Lee is over, Brian Lee is back on ice.
15:38 of 2nd period - Hampus Lindholm is hit by Brian Lee and loses puck.
16:03 of 2nd period - Slapshot by Cory Emmerton.
16:03 of 2nd period - Stopped by Marc-André Fleury with a rebound.
16:15 of 2nd period - Snap shot by Patrick Kane.
16:15 of 2nd period - Deflect By Jordan Staal.
16:15 of 2nd period - Shot Misses the Net.
16:15 of 2nd period - Puck is out of play.
16:16 of 2nd period - Mika Zibanejad wins face-off versus Antoine Vermette in Stars zone.
16:43 of 2nd period - Wrist shot by Eric Nystrom.
16:43 of 2nd period - Shot Misses the Net.
16:45 of 2nd period - Wrist shot by Nate Thompson.
16:45 of 2nd period - Shot Misses the Net.
17:13 of 2nd period - Slapshot by Guillaume Latendresse.
17:13 of 2nd period - Stopped by Marc-André Fleury with a rebound.
17:15 of 2nd period - Wrist shot by Guillaume Latendresse.
17:15 of 2nd period - Shot Misses the Net.
18:27 of 2nd period - Snap shot by Cory Emmerton.
18:27 of 2nd period - Stopped by Marc-André Fleury with a rebound.
18:29 of 2nd period - Slapshot by Johnny Oduya.
18:29 of 2nd period - Shot Blocked by Marc-Édouard Vlasic.
19:10 of 2nd period - Snap shot by Jake Guentzel.
19:10 of 2nd period - Stopped by Brian Elliott without a rebound.
19:11 of 2nd period - Brayden Schenn wins face-off versus John Tavares in Stars zone.
19:36 of 2nd period - Braydon Coburn is hit by Ian White and loses puck.
19:41 of 2nd period - Snap shot by Jussi Jokinen.
19:41 of 2nd period - Stopped by Marc-André Fleury with a rebound.
19:47 of 2nd period - Wrist shot by Jussi Jokinen.
19:47 of 2nd period - Stopped by Marc-André Fleury without a rebound.
19:48 of 2nd period - Brayden Schenn wins face-off versus Guillaume Latendresse in Maple Leafs zone.
19:58 of 2nd period - Slapshot by Kevin Shattenkirk.
19:58 of 2nd period - Stopped by Brian Elliott without a rebound.
19:59 of 2nd period - John Tavares wins face-off versus Brayden Schenn in Stars zone.
Goals for this period are 0 for Stars vs 0 for Maple Leafs.
Shots for this period are 13 for Stars vs 11 for Maple Leafs.
3rd period
0:01 of 3rd period - Brayden Schenn wins face-off versus John Tavares in neutral zone.
0:04 of 3rd period - Slapshot by Kevin Shattenkirk.
0:04 of 3rd period - Stopped by Brian Elliott with a rebound.
0:26 of 3rd period - Ian White is hit by John Klingberg and loses puck.
0:34 of 3rd period - Minor Penalty to Alex Chiasson for Hooking.
0:35 of 3rd period - Jordan Staal wins face-off versus John Tavares in Stars zone.
0:35 of 3rd period - Snap shot by Patrick Kane.
0:35 of 3rd period - Stopped by Brian Elliott without a rebound.
0:36 of 3rd period - John Tavares wins face-off versus Jordan Staal in Stars zone.
2:34 of 3rd period - Penalty to Alex Chiasson is over, Alex Chiasson is back on ice.
2:41 of 3rd period - Snap shot by Jussi Jokinen.
2:41 of 3rd period - Stopped by Marc-André Fleury without a rebound.
2:42 of 3rd period - Mika Zibanejad wins face-off versus Evgeny Grachev in Maple Leafs zone.
2:42 of 3rd period - Mika Zibanejad is hit by Andrej Sustr.
3:44 of 3rd period - Snap shot by Cory Emmerton.
3:44 of 3rd period - Deflect By Alexander Frolov.
3:44 of 3rd period - Stopped by Marc-André Fleury with a rebound.
4:05 of 3rd period - Slapshot by Hampus Lindholm.
4:05 of 3rd period - Stopped by Brian Elliott without a rebound.
4:06 of 3rd period - John Tavares wins face-off versus Jordan Staal in Stars zone.
4:11 of 3rd period - Backhand shot by Ian White.
4:11 of 3rd period - Stopped by Marc-André Fleury without a rebound.
4:12 of 3rd period - John Tavares wins face-off versus Brayden Schenn in Maple Leafs zone.
4:17 of 3rd period - Snap shot by Michael Grabner.
4:17 of 3rd period - Goal by Michael Grabner - Stars : 2 - Maple Leafs : 0.
4:18 of 3rd period - Brayden Schenn wins face-off versus John Tavares in neutral zone.
4:20 of 3rd period - Minor Penalty to Kyle Clifford for Interference.
4:21 of 3rd period - Brayden Schenn wins face-off versus John Tavares in Maple Leafs zone.
6:20 of 3rd period - Penalty to Kyle Clifford is over, Kyle Clifford is back on ice.
6:31 of 3rd period - Snap shot by Patrick Kane.
6:31 of 3rd period - Deflect By Kyle Clifford.
6:31 of 3rd period - Stopped by Brian Elliott with a rebound.
6:33 of 3rd period - Snap shot by Hampus Lindholm.
6:33 of 3rd period - Stopped by Brian Elliott with a rebound.
6:35 of 3rd period - Snap shot by Jordan Staal.
6:35 of 3rd period - Goal by Jordan Staal - Stars : 2 - Maple Leafs : 1.
6:36 of 3rd period - Cory Emmerton wins face-off versus Brayden Schenn in neutral zone.
6:41 of 3rd period - Snap shot by B.J. Crombeen.
6:41 of 3rd period - Shot Misses the Net.
6:43 of 3rd period - Snap shot by Alexander Frolov.
6:43 of 3rd period - Stopped by Marc-André Fleury with a rebound.
6:45 of 3rd period - Slapshot by Ian White.
6:45 of 3rd period - Stopped by Marc-André Fleury with a rebound.
6:49 of 3rd period - Slapshot by B.J. Crombeen.
6:49 of 3rd period - Stopped by Marc-André Fleury with a rebound.
6:51 of 3rd period - Backhand shot by B.J. Crombeen.
6:51 of 3rd period - Deflect By Cory Emmerton.
6:51 of 3rd period - Goal by Cory Emmerton - Stars : 3 - Maple Leafs : 1.
6:52 of 3rd period - Patrick Kane wins face-off versus John Tavares in neutral zone.
6:57 of 3rd period - Wrist shot by Patrick Kane.
6:57 of 3rd period - Stopped by Brian Elliott with a rebound.
7:24 of 3rd period - Ben Smith is hit by Alex Chiasson and loses puck.
7:41 of 3rd period - Snap shot by Beau Bennett.
7:41 of 3rd period - Stopped by Brian Elliott with a rebound.
8:06 of 3rd period - Off-side.
8:07 of 3rd period - John Tavares wins face-off versus Brayden Schenn in neutral zone.
8:09 of 3rd period - Tyson Barrie is hit by Patrick Kane and loses puck.
8:43 of 3rd period - Snap shot by Taylor Hall.
8:43 of 3rd period - Stopped by Brian Elliott with a rebound.
8:45 of 3rd period - Minor Penalty to Jussi Jokinen for Tripping.
8:46 of 3rd period - John Tavares wins face-off versus Jordan Staal in Stars zone.
9:13 of 3rd period - John Tavares is hit by Kyle Clifford and loses puck.
9:18 of 3rd period - Slapshot by Kevin Shattenkirk.
9:18 of 3rd period - Deflect By Brayden Schenn.
9:18 of 3rd period - Shot Blocked by Brian Lee.
9:18 of 3rd period - Puck is out of play.
9:19 of 3rd period - Taylor Hall wins face-off versus John Tavares in Stars zone.
9:22 of 3rd period - Snap shot by Taylor Hall.
9:22 of 3rd period - Deflect By Patrick Kane.
9:22 of 3rd period - Deflect By Boris Valabik.
9:22 of 3rd period - Goal by Patrick Kane - Stars : 3 - Maple Leafs : 2.
9:23 of 3rd period - Brayden Schenn wins face-off versus John Tavares in neutral zone.
9:38 of 3rd period - Snap shot by Michael Grabner.
9:38 of 3rd period - Stopped by Marc-André Fleury without a rebound.
9:39 of 3rd period - Antoine Vermette wins face-off versus Jordan Staal in Maple Leafs zone.
9:51 of 3rd period - Kevin Shattenkirk is hit by Brian Lee and loses puck.
10:06 of 3rd period - Kevin Shattenkirk is hit by Ian White and loses puck.
10:43 of 3rd period - Off-side.
10:44 of 3rd period - Ben Smith wins face-off versus Antoine Vermette in neutral zone.
10:58 of 3rd period - Minor Penalty to Antoine Vermette for Holding.
10:59 of 3rd period - Taylor Hall wins face-off versus John Tavares in Stars zone.
12:43 of 3rd period - Alexander Frolov is hit by Brayden Schenn and loses puck.
12:58 of 3rd period - Penalty to Antoine Vermette is over, Antoine Vermette is back on ice.
13:17 of 3rd period - Snap shot by Cam Atkinson.
13:17 of 3rd period - Shot Blocked by Kevin Shattenkirk.
14:27 of 3rd period - Patrick Kane is hit by Jussi Jokinen and loses puck.
14:46 of 3rd period - Beau Bennett is hit by Ian White and loses puck.
15:05 of 3rd period - John Tavares is hit by Jordan Staal.
15:09 of 3rd period - Michael Grabner is hit by Hampus Lindholm and loses puck.
15:16 of 3rd period - Wrist shot by Taylor Hall.
15:16 of 3rd period - Shot Blocked by Ian White.
15:37 of 3rd period - Alexander Frolov is hit by Kevin Shattenkirk and loses puck.
15:48 of 3rd period - Ted Purcell is hit by Jordan Staal and loses puck.
16:38 of 3rd period - Minor Penalty to Beau Bennett for High sticking.
16:39 of 3rd period - John Tavares wins face-off versus Brayden Schenn in Maple Leafs zone.
17:54 of 3rd period - Kevin Shattenkirk is hit by Brian Lee.
18:08 of 3rd period - Antoine Vermette is hit by Eric Nystrom and loses puck.
18:38 of 3rd period - Penalty to Beau Bennett is over, Beau Bennett is back on ice.
18:51 of 3rd period - Maple Leafs, Marc-André Fleury is pulled from the net.
19:12 of 3rd period - Slapshot by Brian Lee.
19:12 of 3rd period - Goal by Brian Lee - Stars : 4 - Maple Leafs : 2.
19:12 of 3rd period - Marc-André Fleury from Maple Leafs was sent back in the game.
19:13 of 3rd period - Cory Emmerton wins face-off versus Mika Zibanejad in neutral zone.
19:16 of 3rd period - Slapshot by Boris Valabik.
19:16 of 3rd period - Stopped by Marc-André Fleury without a rebound.
19:17 of 3rd period - Cory Emmerton wins face-off versus Mika Zibanejad in Maple Leafs zone.
19:18 of 3rd period - Snap shot by B.J. Crombeen.
19:18 of 3rd period - Shot Blocked by Ryan Parent.
19:24 of 3rd period - Beau Bennett is hit by Alexander Frolov and loses puck.
19:49 of 3rd period - Snap shot by Boris Valabik.
19:49 of 3rd period - Deflect By Cam Atkinson.
19:49 of 3rd period - Shot Hit the Post.
19:49 of 3rd period - Puck is out of play.
19:50 of 3rd period - Taylor Hall wins face-off versus Cam Atkinson in Maple Leafs zone.
19:50 of 3rd period - Taylor Hall is hit by Cam Atkinson.
19:58 of 3rd period - Slapshot by John Klingberg.
19:58 of 3rd period - Shot Blocked by Brian Lee.
Goals for this period are 3 for Stars vs 2 for Maple Leafs.
Shots for this period are 11 for Stars vs 10 for Maple Leafs.
Back to the Top